[ AOE2 MATCH · #506593258 ]
UnrankedTurks vs Aztecs
Player's team · LOSS
Rival team · WIN
[ REPLAY ANALYSIS · EXTRACTED FROM THE RECORDED GAME ]
Feudal
9:20
Castle
19:44
Imperial
31:49
| APM avg | 44.5 |
| APM peak | 94 |
| eAPM avg | 23.6 |
| Villagers / military | 172 / 98 |
Focus
⚔️ 25.2% · 🌾 74.8%
Janissary ×67 · Scout Cavalry ×12 · Bombard Cannon ×9 · Trebuchet (Packed) ×5 · Knight ×4 · Monk ×1
Feudal
11:37
Castle
16:31
Imperial
34:47
| APM avg | 66.2 |
| APM peak | 131 |
| eAPM avg | 43.5 |
| Villagers / military | 133 / 224 |
Focus
⚔️ 53.6% · 🌾 46.4%
Eagle Scout ×135 · Skirmisher ×46 · Spearman ×19 · Monk ×9 · Trebuchet (Packed) ×7 · Jaguar Warrior ×6
Match map
Initial resources + every placement click. Lines = walls · curves = elevation contours. ◆ gold · ⬟ stone · ● berries · ✦ relic · ◌ wall gap
Your base· Open — 5t gap
Velvet Thunder's base· Open — 8t gap
Smoothed initial terrain · ◌ = detected wall gap · hover for details
Inputs per minute
— 6 - - Velvet Thunder
Build order — 6
First 150 of 355 actions detected
| 0:01 | Queue | Villager (Male) |
| 0:01 | Queue | Villager (Male) |
| 0:02 | Build | House |
| 0:04 | Build | House |
| 0:22 | Queue | Villager (Male) |
| 0:23 | Queue | Villager (Male) |
| 1:24 | Queue | Villager (Male) |
| 1:24 | Queue | Villager (Male) |
| 1:49 | Build | Mill |
| 1:58 | Queue | Villager (Male) |
| 1:58 | Queue | Villager (Male) |
| 1:58 | Queue | Villager (Male) |
| 2:24 | Queue | Villager (Male) |
| 2:25 | Queue | Villager (Male) |
| 2:46 | Queue | Villager (Male) |
| 2:46 | Queue | Villager (Male) |
| 3:12 | Queue | Villager (Male) |
| 3:12 | Queue | Villager (Male) |
| 3:37 | Build | House |
| 3:43 | Queue | Villager (Male) |
| 3:44 | Queue | Villager (Male) |
| 3:57 | Queue | Villager (Male) |
| 3:57 | Queue | Villager (Male) |
| 3:59 | Queue | Villager (Male) |
| 4:00 | Queue | Villager (Male) |
| 4:56 | Build | Lumber Camp |
| 4:57 | Queue | Villager (Male) |
| 4:58 | Queue | Villager (Male) |
| 5:07 | Queue | Villager (Male) |
| 5:18 | Queue | Villager (Male) |
| 5:48 | Queue | Villager (Male) |
| 6:30 | Research | Loom |
| 6:55 | Build | Mill |
| 7:10 | Research | Feudal Age |
| 8:44 | Build | Barracks |
| 8:59 | Build | House |
| 9:20 | Age | Feudal Age |
| 9:24 | Queue | Villager (Male) |
| 9:28 | Research | Double-Bit Axe |
| 9:33 | Queue | Villager (Male) |
| 9:39 | Build | Farm |
| 9:48 | Build | Farm |
| 10:15 | Build | Farm |
| 10:15 | Queue | Villager (Male) |
| 10:30 | Queue | Villager (Male) |
| 10:42 | Build | House |
| 10:43 | Build | House |
| 10:58 | Queue | Villager (Male) |
| 11:10 | Queue | Villager (Male) |
| 11:35 | Queue | Villager (Male) |
| 11:37 | Research | Horse Collar |
| 12:04 | Queue | Villager (Male) |
| 12:23 | Build | Farm |
| 12:25 | Queue | Villager (Male) |
| 12:48 | Build | Farm |
| 12:52 | Queue | Villager (Male) |
| 13:03 | Build | House |
| 13:04 | Build | House |
| 13:13 | Build | Farm |
| 13:15 | Queue | Villager (Male) |
| 13:37 | Build | Farm |
| 13:38 | Queue | Villager (Male) |
| 13:53 | Queue | Villager (Male) |
| 14:10 | Build | Farm |
| 14:15 | Build | Mining Camp |
| 14:21 | Queue | Villager (Male) |
| 14:35 | Build | Farm |
| 14:40 | Queue | Villager (Male) |
| 15:04 | Build | Blacksmith |
| 15:17 | Queue | Villager (Male) |
| 15:21 | Build | House |
| 15:27 | Build | Palisade Wall |
| 15:27 | Build | Palisade Wall |
| 15:31 | Build | Palisade Wall |
| 15:46 | Build | Palisade Wall |
| 15:50 | Build | Palisade Wall |
| 15:54 | Queue | Villager (Male) |
| 16:05 | Build | Lumber Camp |
| 16:24 | Queue | Villager (Male) |
| 16:40 | Build | Market |
| 16:44 | Build | Palisade Wall |
| 17:04 | Research | Castle Age |
| 17:04 | Research | Castle Age |
| 17:17 | Build | Palisade Wall |
| 17:29 | Build | Palisade Wall |
| 17:48 | Research | Gold Mining |
| 18:50 | Build | Stable |
| 19:07 | Build | House |
| 19:12 | Research | Town Watch |
| 19:16 | Research | Bloodlines |
| 19:44 | Age | Castle Age |
| 19:47 | Queue | Knight |
| 19:48 | Queue | Knight |
| 19:58 | Queue | Villager (Male) |
| 20:13 | Queue | Knight |
| 20:16 | Queue | Villager (Male) |
| 20:27 | Build | Town Center |
| 20:30 | Queue | Villager (Male) |
| 21:06 | Queue | Knight |
| 21:16 | Build | House |
| 21:34 | Queue | Villager (Male) |
| 21:34 | Queue | Villager (Male) |
| 21:37 | Research | Bow Saw |
| 21:53 | Build | Palisade Wall |
| 21:59 | Queue | Villager (Male) |
| 22:00 | Build | Farm |
| 22:14 | Build | Farm |
| 22:15 | Queue | Villager (Male) |
| 22:20 | Queue | Villager (Male) ×5 |
| 22:35 | Build | Farm |
| 22:36 | Queue | Villager (Male) |
| 22:44 | Build | Lumber Camp |
| 22:45 | Queue | Villager (Male) |
| 23:02 | Queue | Villager (Male) |
| 23:06 | Queue | Villager (Male) |
| 23:10 | Build | Monastery |
| 23:33 | Queue | Villager (Male) |
| 23:36 | Queue | Villager (Male) |
| 23:50 | Queue | Monk |
| 24:11 | Queue | Villager (Male) |
| 24:12 | Queue | Villager (Male) |
| 24:13 | Queue | Villager (Male) |
| 24:22 | Build | Town Center |
| 24:33 | Queue | Villager (Male) |
| 24:35 | Queue | Scout Cavalry |
| 24:50 | Queue | Villager (Male) |
| 24:54 | Research | Wheelbarrow |
| 25:01 | Build | House |
| 25:02 | Build | House |
| 25:15 | Queue | Villager (Male) |
| 25:16 | Queue | Villager (Male) |
| 25:25 | Queue | Villager (Male) |
| 25:28 | Build | Farm |
| 25:31 | Build | Farm |
| 25:34 | Build | Farm |
| 25:35 | Queue | Villager (Male) |
| 25:36 | Build | Farm |
| 25:47 | Build | Farm |
| 25:50 | Queue | Villager (Male) |
| 25:57 | Build | House |
| 26:18 | Build | Farm |
| 26:21 | Build | Farm |
| 26:23 | Queue | Villager (Male) |
| 27:01 | Build | Castle |
| 27:03 | Queue | Villager (Male) |
| 27:04 | Queue | Villager (Male) |
| 27:05 | Queue | Villager (Male) |
| 27:06 | Queue | Villager (Male) |
| 27:07 | Queue | Villager (Male) |
| 27:11 | Build | Farm |
Build order — Velvet Thunder
First 150 of 557 actions detected
| 0:01 | Queue | Villager (Male) |
| 0:02 | Queue | Villager (Male) |
| 0:02 | Queue | Villager (Male) |
| 0:03 | Build | House |
| 0:06 | Build | House |
| 0:10 | Queue | Villager (Male) |
| 1:25 | Queue | Villager (Male) |
| 2:11 | Queue | Villager (Male) |
| 2:11 | Queue | Villager (Male) |
| 2:11 | Queue | Villager (Male) |
| 2:52 | Queue | Villager (Male) |
| 3:09 | Build | Barracks |
| 3:24 | Queue | Villager (Male) |
| 3:40 | Build | House |
| 3:55 | Queue | Villager (Male) |
| 4:08 | Queue | Villager (Male) |
| 4:29 | Build | Lumber Camp |
| 4:33 | Queue | Militia |
| 4:37 | Build | Palisade Wall |
| 4:41 | Queue | Villager (Male) |
| 4:59 | Queue | Militia |
| 5:12 | Queue | Villager (Male) |
| 5:37 | Build | House |
| 5:42 | Queue | Villager (Male) |
| 5:57 | Queue | Villager (Male) |
| 6:31 | Queue | Villager (Male) |
| 7:02 | Queue | Villager (Male) |
| 7:08 | Build | Mill |
| 7:21 | Queue | Villager (Male) |
| 7:45 | Queue | Villager (Male) |
| 7:53 | Build | Mill |
| 8:12 | Queue | Villager (Male) |
| 8:22 | Research | Loom |
| 8:26 | Build | House |
| 8:56 | Queue | Villager (Male) |
| 9:27 | Research | Feudal Age |
| 9:35 | Build | House |
| 10:13 | Build | Farm |
| 10:30 | Build | Farm |
| 10:37 | Build | Mining Camp |
| 11:24 | Queue | Villager (Male) |
| 11:24 | Queue | Villager (Male) |
| 11:37 | Age | Feudal Age |
| 11:44 | Build | Market |
| 11:54 | Queue | Spearman |
| 12:05 | Build | Blacksmith |
| 12:12 | Build | Palisade Wall |
| 12:16 | Queue | Villager (Male) |
| 12:31 | Queue | Spearman |
| 12:52 | Queue | Villager (Male) |
| 13:03 | Build | Farm |
| 13:14 | Build | House |
| 13:19 | Build | Palisade Wall |
| 13:43 | Build | Palisade Wall |
| 13:51 | Research | Castle Age |
| 14:08 | Build | Farm |
| 14:09 | Build | Farm |
| 14:17 | Build | Farm |
| 14:38 | Queue | Spearman |
| 14:52 | Build | Lumber Camp |
| 14:55 | Build | Palisade Wall |
| 14:56 | Build | Palisade Wall |
| 15:04 | Research | Double-Bit Axe |
| 15:04 | Research | Double-Bit Axe |
| 15:10 | Build | Palisade Wall |
| 15:31 | Research | Horse Collar |
| 15:35 | Queue | Eagle Scout |
| 15:35 | Queue | Eagle Scout |
| 16:19 | Build | Farm |
| 16:22 | Build | Farm |
| 16:31 | Age | Castle Age |
| 16:33 | Queue | Villager (Male) |
| 16:40 | Build | Monastery |
| 16:45 | Queue | Villager (Male) |
| 16:48 | Research | Squires |
| 16:48 | Research | Squires |
| 16:50 | Research | Scale Mail Armor |
| 16:50 | Research | Scale Mail Armor |
| 17:19 | Queue | Eagle Scout |
| 17:20 | Queue | Monk |
| 17:27 | Build | Farm |
| 17:51 | Queue | Villager (Male) |
| 17:52 | Queue | Villager (Male) |
| 18:10 | Build | Barracks |
| 18:13 | Queue | Villager (Male) |
| 18:20 | Queue | Monk |
| 18:38 | Queue | Eagle Scout |
| 18:44 | Queue | Villager (Male) |
| 18:47 | Build | House |
| 18:51 | Research | Wheelbarrow |
| 18:58 | Build | Farm |
| 18:59 | Build | Farm |
| 19:08 | Build | Town Center |
| 19:34 | Queue | Villager (Male) |
| 19:35 | Queue | Villager (Male) |
| 19:37 | Build | Farm |
| 19:39 | Build | Farm |
| 20:03 | Build | Farm |
| 20:04 | Queue | Villager (Male) |
| 20:10 | Research | Chain Mail Armor |
| 20:27 | Queue | Monk |
| 20:34 | Queue | Villager (Male) |
| 21:09 | Research | Eagle Warrior (upgrade) |
| 21:10 | Queue | Eagle Scout |
| 21:11 | Queue | Eagle Scout |
| 21:15 | Build | House |
| 21:23 | Queue | Villager (Male) |
| 21:23 | Queue | Villager (Male) |
| 21:38 | Queue | Spearman |
| 21:38 | Queue | Spearman |
| 21:38 | Queue | Spearman |
| 21:47 | Queue | Villager (Male) |
| 21:47 | Queue | Villager (Male) |
| 22:03 | Build | House |
| 22:05 | Build | House |
| 22:28 | Queue | Villager (Male) |
| 22:29 | Queue | Villager (Male) |
| 22:29 | Queue | Villager (Male) |
| 22:29 | Queue | Villager (Male) |
| 22:30 | Queue | Villager (Male) |
| 22:36 | Build | House |
| 22:37 | Build | Palisade Wall |
| 22:40 | Build | Palisade Wall |
| 22:43 | Queue | Monk |
| 22:46 | Queue | Eagle Scout |
| 22:46 | Queue | Eagle Scout |
| 22:46 | Queue | Eagle Scout |
| 22:49 | Queue | Villager (Male) |
| 22:53 | Research | Heavy Plow |
| 22:53 | Research | Heavy Plow |
| 22:53 | Research | Heavy Plow |
| 22:53 | Research | Heavy Plow |
| 22:53 | Research | Heavy Plow |
| 22:59 | Build | Farm |
| 23:01 | Build | Farm |
| 23:07 | Build | House |
| 23:11 | Build | House |
| 23:14 | Queue | Villager (Male) |
| 23:16 | Queue | Villager (Male) |
| 23:27 | Queue | Monk |
| 23:33 | Research | Sanctity |
| 23:33 | Research | Sanctity |
| 23:39 | Queue | Eagle Scout |
| 23:39 | Queue | Eagle Scout |
| 23:45 | Queue | Villager (Male) |
| 23:46 | Queue | Villager (Male) |
| 24:16 | Research | Fervor |
| 24:20 | Build | Monastery |
| 24:22 | Queue | Villager (Male) |
| 24:22 | Queue | Villager (Male) |
Match timeline
| 3:09 | Velvet Thunder · first_building Barracks |
| 4:37 | Velvet Thunder · wall_segment Palisade Wall x4 |
| 8:44 | 6 · first_building Barracks |
| 9:20 | 6 · age_up feudal |
| 11:37 | Velvet Thunder · age_up feudal |
| 12:12 | Velvet Thunder · wall_segment Palisade Wall x3 |
| 13:19 | Velvet Thunder · wall_segment Palisade Wall x7 |
| 13:43 | Velvet Thunder · wall_segment Palisade Wall x4 |
| 14:55 | Velvet Thunder · wall_segment Palisade Wall x1 |
| 14:56 | Velvet Thunder · wall_segment Palisade Wall x1 |
| 15:10 | Velvet Thunder · wall_segment Palisade Wall x1 |
| 15:27 | 6 · wall_segment Palisade Wall x2 |
| 15:27 | 6 · wall_segment Palisade Wall x1 |
| 15:31 | 6 · wall_segment Palisade Wall x9 |
| 15:46 | 6 · wall_segment Palisade Wall x5 |
| 15:50 | 6 · wall_segment Palisade Wall x7 |
| 16:31 | Velvet Thunder · age_up castle |
| 16:40 | Velvet Thunder · first_building Monastery |
| 16:44 | 6 · wall_segment Palisade Wall x4 |
| 17:17 | 6 · wall_segment Palisade Wall x13 |
| 17:29 | 6 · wall_segment Palisade Wall x8 |
| 18:50 | 6 · first_building Stable |
| 19:44 | 6 · age_up castle |
| 21:21 | Velvet Thunder · first_market_sell 100 wood |
| 21:22 | Velvet Thunder · first_market_buy 100 food |
| 21:53 | 6 · wall_segment Palisade Wall x1 |
| 22:19 | 6 · first_market_buy 500 food |
| 22:37 | Velvet Thunder · wall_segment Palisade Wall x1 |
| 22:40 | Velvet Thunder · wall_segment Palisade Wall x1 |
| 23:10 | 6 · first_building Monastery |
| 26:50 | 6 · first_market_sell 500 wood |
| 27:01 | 6 · first_building Castle |
| 31:21 | Velvet Thunder · first_building Archery Range |
| 31:49 | 6 · age_up imperial |
| 33:25 | 6 · wall_segment Stone Wall x1 |
| 34:47 | Velvet Thunder · age_up imperial |
| 36:06 | 6 · first_building Siege Workshop |
| 36:15 | Velvet Thunder · first_building Castle |
| 47:59 | 6 · resign |
[ AI ANALYSIS · 1 CREDIT ]
What really happened in this match?
Wolo.gg analyzes every decision: build order, eco, micro, common mistakes by bracket. Personalized analysis on WhatsApp or Discord in 30 seconds.
Civ guide
Turks
Perfil
Jugador #20686201